 Dungeon Crawl Stone Soup version 0.29-a0-243-g602b31c20e (webtiles) character file.

Game seed: 7666421173288991566

4 mdonais the Sneak (level 1, -2/16 HPs)
             Began as an Octopode Delver on Mar 4, 2022.
             Killed by divine providence
             ... invoked by an orc priest
              (14 damage)
             ... on level 4 of the Dungeon.
             The game lasted 00:00:52 (53 turns).

mdonais the Sneak (Octopode Delver)                   Turns: 53, Time: 00:00:52

Health: -2/16      AC:  1    Str: 11    XL:     1   Next: 60%
Magic:  1/1        EV: 13    Int: 12    God:
Gold:   0          SH:  0    Dex: 13    Spells: 0/0 levels left

rFire   . . .      SeeInvis .   a - +0 short sword
rCold   . . .      Faith    .   (no shield)
rNeg    . . .      Spirit   .   (helmet restricted)
rPois   .          Reflect  .   (no amulet)
rElec   .          Harm     .   (no ring)
rCorr   .          Rampage  .   (no ring)
Will    .....                   (no ring)
Stlth   ++++......              (no ring)
HPRegen 0.05/turn               (no ring)
MPRegen 0.07/turn               (no ring)
                                (no ring)
                                (no ring)

@: hasted, very quick
A: almost no armour, amphibious, 8 rings, camouflage 1, gelatinous body 1,
(nimble swimmer 1), tentacles
a: no special abilities


You were on level 4 of the Dungeon.
You visited 1 branch of the dungeon, and saw 2 of its levels.

Inventory:

Hand Weapons
 a - a +0 short sword (weapon)
Wands
 D - a wand of digging (3)
Scrolls
 b - a scroll of fog
 d - a scroll of fear
Potions
 c - 2 potions of invisibility {unknown}


   Skills:
 + Level 3.0 Fighting
 + Level 2.1 Short Blades
 + Level 2.1 Dodging
 + Level 6.6 Stealth


You couldn't memorise any spells.
You didn't know any spells.
Your spell library was empty.

Dungeon Overview and Level Annotations

Branches:
Dungeon (5/15)
 Temple: D:4-7

Altars:

Annotations:
D:4 Sigmund


Innate Abilities, Weirdness & Mutations

You cannot wear most types of armour.
You are amphibious.
You can wear up to eight rings at the same time.
Your skin changes colour to match your surroundings (Stealth+).
Your rubbery body absorbs attacks. (AC +1, EV +1)
((You are camouflaged when in or above water. (Stealth+)))
You have tentacles for arms and can constrict up to eight enemies at once.


Message History

Welcome, mdonais the Octopode Delver.
They say the Orb of Zot lies within this dungeon, but they say a lot of things.
Press ? for a list of commands and other information.
Found a ring mail.
Found a ring mail.
There is a stone staircase leading up here.
You climb upwards.
Found 2 sapphire potions.
There is a stone staircase leading down here.
The helpless ball python fails to defend itself.
You puncture the ball python!
You kill the ball python!
c - 2 sapphire potions A dart slug comes into view.
You hit the dart slug. You grab the dart slug. You squeeze the dart slug.
The dart slug is heavily wounded.
You constrict the dart slug. The dart slug misses you.
You hit the dart slug.
You squeeze the dart slug, but do no damage.
The dart slug is severely wounded.
You constrict the dart slug. The dart slug barely misses you.
You hit the dart slug.
You kill the dart slug!
A ball python comes into view.
The ball python hisses angrily.
You hit the ball python.
You kill the ball python!
You see here a ball python corpse.
Found 15 gold pieces.
An orc priest comes into view. It is wielding a +0 dagger.
Found a chain mail.
The orc priest shouts!
You hear a shout!
The orc priest moves out of view.
Found a brass wand.
Sigmund the Dreaded comes into view.
He is wielding a +0 scythe.
As you read the scroll of magic mapping, it crumbles to dust.
You feel aware of your surroundings.
You sensed 1 altar.
Found 20 gold pieces.
You feel yourself speed up.
The orc priest begins to cast a cantrip, but forgets the words!
Found 3 gold pieces.
You hit the orc priest. You grab the orc priest.
The orc priest is lightly wounded.
You constrict the orc priest, but do no damage.
The orc priest closely misses you.
You hit the orc priest but do no damage.
The orc priest is lightly wounded.
You constrict the orc priest, but do no damage.
The orc priest barely misses you.
You hit the orc priest but do no damage.
The orc priest is lightly wounded.
You constrict the orc priest.
You hit the orc priest but do no damage.
You squeeze the orc priest.
The orc priest is heavily wounded.
You constrict the orc priest. The orc priest closely misses you.
A hobgoblin comes into view.
You hit the orc priest but do no damage.
The orc priest is severely wounded.
You constrict the orc priest, but do no damage.
The orc priest hits you with a +0 dagger.
You take 4 damage, and have 12/16 hp.
MASSIVE DAMAGE!!
You hit the orc priest.
The orc priest is almost dead.
You constrict the orc priest.
You hit the orc priest but do no damage.
The orc priest is almost dead.
You constrict the orc priest, but do no damage.
The orc priest mumbles some strange prayers to Beogh against you.
Beogh smites you!
Ouch! That really hurt!
You die...

*,**.##* ##.##..#..,,,,,,
*,,*,..#* ###..##.####.>,,,,
**,***..* #...#........#,***
*,* *#.#*#.###...#####*,***
*,* #..##.###..######*,*,,
****,****#.#...†..........,,,*
*,,,,,,,*#...#.#..#######.,,,,
*,,,,<,,*#..##.#..#***,,,,,***
*,,,,,,,*#.$#@.#....,,,**,**
*,,,,,......o.....###**,,,*
*,,,,,.....###.#..#*,,,,***
*,,,.......,,.....#*,**** *
*,,,.<.g..[,*#....#*,* ***
*,,,/......,,#..#$.,,* *,,
****#@.####,,.......********,*
*,,,****,,,.$....,,,,,,,,,*
**,*,,,**,,**,,**,≈≈≈≈≈≈,,,,


You could see an orc priest and a hobgoblin.

Vanquished Creatures
  A dart slug (D:4)
  2 ball pythons (D:4)
3 creatures vanquished.

Notes
Turn   | Place    | Note
-------+----------+-------------------------------------------
     0 | D:5      | mdonais the Octopode Delver began the quest for the Orb.
     0 | D:5      | Reached XP level 1. HP: 16/16 MP: 1/1
    38 | D:4      | Noticed an orc priest
    39 | D:4      | Noticed Sigmund
    53 | D:4      | Killed from afar by an orc priest

Illustrated notes

Levels and vault maps discovered:
D:4:      layout_rooms, general_overflow_altar, roderic_malta_cross,
          nicolae_zen_rock_garden, uniq_sigmund, uniq_duvessa, uniq_pikel
D:5:      layout_basic, hangedman_abyss_or_decor_stabs, uniq_edmund

Action                   || total
-------------------------++-------
Melee: Short sword       ||    12
       Tentacles         ||     3
       Constrict         ||     2
  Use: Scroll            ||     1
       Potion            ||     1
 Stab: Sleeping          ||     1
Dodge: Dodged            ||     5

Table legend: (Time is in decaauts)
 A = Elapsed time spent in this place.
 B = Non-inter-level travel time spent in this place.
 C = Inter-level travel time spent in this place.
 D = Time resting spent in this place.
 E = Time spent auto-exploring this place.
 F = Levels seen in this place.
 G = Mean time per level.
                   A        B        C        D        E       F      G
               +--------+--------+--------+--------+--------+-----+--------+
         Total |     50 |     50 |      0 |      0 |      0 |   2 |   25.0 |
       Dungeon |     50 |     50 |      0 |      0 |      0 |   2 |   25.0 |
               +--------+--------+--------+--------+--------+-----+--------+

Top non-repeatable levels by time:
     D:4: 42 daAuts
     D:5: 8 daAuts
